 Dungeon Crawl Stone Soup version 0.18-a0-1788-g92de1ac (webtiles) character file.

57 Proton the Covered (level 3, -1/33 HPs)
             Began as a Deep Dwarf Fighter on Apr 21, 2016.
             Slain by Sigmund
             ... wielding a +0 scythe
              (9 damage)
             ... on level 2 of the Dungeon.
             The game lasted 00:03:19 (869 turns).

Proton the Covered (Deep Dwarf Fighter)              Turns: 869, Time: 00:03:19

Health: -1/33      AC:  7    Str: 20    XL:     3   Next: 73%
Magic:  3/3        EV:  9    Int:  8    God:
Gold:   41         SH:  0    Dex: 12    Spells: 0 memorised, 2 levels left

rFire  . . .     SeeInvis .     l - +0 dagger (vamp)
rCold  . . .     Gourm    .     j - +0 scale mail
rNeg   . . .     Faith    .     (no shield)
rPois  .         Spirit   .     (no helmet)
rElec  .         Dismiss  .     (no cloak)
rCorr  .         Reflect  .     (no gloves)
SustAt +         Harm     .     (no boots)
MR     .....                    (no amulet)
Stlth  ..........               (no ring)
                                r - ring of sustain attributes

@: non-regenerating, not resistant to hostile enchantments, extremely unstealthy
A: damage resistance, recharge devices, sense surroundings 1, slow regeneration
3
a: Device Recharging


You were on level 2 of the Dungeon.
You were not hungry.

You visited 1 branch of the dungeon, and saw 2 of its levels.

You collected 41 gold pieces.

Inventory:

Hand Weapons
 a - a +0 war axe
 l - a +0 vampiric dagger (weapon)
Armour
 j - a +0 scale mail (worn)
Jewellery
 r - a ring of sustain attributes (left hand)
Wands
 e - a wand of heal wounds (5/9)
Scrolls
 c - 2 scrolls of magic mapping {unknown}
 g - a scroll of enchant weapon {unknown}
 h - 2 scrolls of identify {unknown}
 k - a scroll of blinking {unknown}
 o - a scroll of fear {unknown}
Potions
 b - a potion of flight {unknown}
 d - a potion of might
 m - a potion of invisibility {unknown}
 n - a potion of mutation {unknown}
 p - a potion of curing {unknown}
 q - a potion of berserk rage {unknown}
Comestibles
 f - a bread ration
 s - 3 chunks of flesh


   Skills:
 + Level 2.9 Fighting
 * Level 3.2 Axes
 * Level 4.3 Armour
   Level 3.2 Shields


You had 2 spell levels left.
You didn't know any spells.

Dungeon Overview and Level Annotations

Branches:
Dungeon (2/15)

Altars:

Annotations:
D:2 Sigmund


Innate Abilities, Weirdness & Mutations

You are resistant to damage.
You can recharge devices by infusing magical energy.
You passively map a small area around you.
You do not regenerate naturally.


Message History

Sigmund says, "Don't worry, I'll kill you fast."
Sigmund closely misses you.
You closely miss Sigmund.
Sigmund is moderately wounded.
You closely miss Sigmund.
Sigmund is moderately wounded.
Sigmund misses you.
You miss Sigmund.
Sigmund is moderately wounded.
Sigmund hits you but does no damage.
You miss Sigmund.
Sigmund is moderately wounded.
You miss Sigmund.
Sigmund is moderately wounded.
Sigmund hits you with a scythe!
* * * LOW HITPOINT WARNING * * *
Your scale mail prevents you from hitting Sigmund.
Sigmund is moderately wounded.
Sigmund hits you with a scythe!
You die...

.####.........###.###
####...........##...#
.#................# *.,
*
...##..........##.##[..
..#######.##.#.##.....#
, * #.)#### #.##.#.).#
*, ,
##....###.##.###.### *
** ........#.##.# #@..#
, ######.......###@..##
, #.....#........#### *
####..#.###.......# * ,
##....)....###...
#..[.##...# ##
#....##.<.# #....##...#
#....##...# *
#....###### , ,


You could see Sigmund.

Vanquished Creatures
  2 adders (D:2)
  An ooze (D:1)
  A worm (D:2)
  2 dart slugs
  4 goblins
  4 hobgoblins
  3 jackals (D:1)
  2 quokkas (D:2)
  A bat (D:2)
  2 giant newts
  4 kobolds
  2 rats (D:1)
28 creatures vanquished.

Notes
Turn   | Place    | Note
--------------------------------------------------------------
     0 | D:1      | Proton the Deep Dwarf Fighter began the quest for the Orb.
     0 | D:1      | Reached XP level 1. HP: 20/20 MP: 1/1
   116 | D:1      | Reached XP level 2. HP: 24/27 MP: 2/2
   586 | D:2      | Noticed Sigmund
   643 | D:2      | Reached skill level 4 in Armour
   654 | D:2      | Reached XP level 3. HP: 27/33 MP: 3/3
   869 | D:2      | Slain by Sigmund

Vault maps used:
D:1:      wheals_arrival_shading
D:2:      gammafunk_pakellas_statue_experiment, uniq_sigmund

Skill      XL: |  1  2  3 |
---------------+----------+-----
Armour         | 4 |  4.3
Axes           | 3 |  3.2
Fighting       | |  2.9
Shields        | |  3.2

Action                   || total
-------------------------++-------
Melee: War axe           ||    91
       Dagger            ||    21
  Eat: Meat ration       ||     1
Armor: Scale mail        ||    48
Dodge: Dodged            ||    65
